 Dungeon Sprint DCSS version 0.21.1-1-g345015f (webtiles) character file.

20 Fang the Fighter (level 6, -6/67 HPs)
             Began as a Gargoyle Berserker on June 11, 2018.
             Was a Priest of Trog.
             Mangled by an insubstantial wisp (9 damage)
             ... in the Dungeon (Sprint VI: "Thunderdome").
             The game lasted 00:01:14 (429 turns).

Fang the Fighter (Gargoyle Berserker)                Turns: 429, Time: 00:01:15

Health: -6/67      AC:  6    Str: 28    XL:     6   Next: 4%
Magic:  6/6        EV: 13    Int:  7    God:    Trog [***...]
Gold:   240        SH:  0    Dex:  9    Spells: 5/5 levels left

rFire    . . .     SeeInvis .   a - +0 hand axe
rCold    . . .     Gourm    .   (no shield)
rNeg     + . .     Faith    .   b - +0 animal skin
rPois    ∞         Spirit   .   (no helmet)
rElec    +         Reflect  .   (no cloak)
rCorr    .         Harm     .   (no gloves)
MR       .....     NoTele   +   (no boots)
Stlth    ..........             (no amulet)
HPRegen  0.21/turn              (no ring)
MPRegen  0.10/turn              (no ring)

@: berserking, very quick
A: negative energy resistance 1, electricity resistance, unbreathing,
petrification resistance, rot immunity, AC +4
a: Berserk, Trog's Hand, Burn Spellbooks, Renounce Religion


You were in the Dungeon.
You worshipped Trog.
Trog was most pleased with you.
You were not hungry.

You visited 1 branch You collected 240 gold pieces.

Inventory:

Hand Weapons
 a - a +0 hand axe (weapon)
Armour
 b - a +0 animal skin (worn)
Wands
 k - a wand of acid (5)
 l - a wand of iceblast (5)
Scrolls
 i - 4 scrolls of blinking
 m - 3 scrolls of fog
Potions
 d - a potion of curing
 e - 4 potions of heal wounds
 f - 4 potions of haste
 g - 2 potions of magic
 h - a potion of berserk rage
 j - a potion of resistance
Comestibles
 c - a ration
 n - 3 chunks of flesh


   Skills:
 + Level 8.4 Fighting
 + Level 7.7 Axes
 + Level 4.1 Armour
 + Level 3.9 Dodging
 + Level 0.6 Stealth


You had 5 spell levels left.
You didn't know any spells.

Dungeon Overview and Level Annotations

Branches:
Dungeon (1/1)

Altars:
Cheibriados
Dithmenos
Fedhas
Gozag
Kikubaaqudgha
Makhleb
Qazlal
Ru
Sif Muna
Uskayaw
Vehumet
Wu Jian
Xom
Yredelemnul
Zin
The Shining One
Beogh
Jiyva
Lugonu

Shops:
D *[%??*?*:[((


Innate Abilities, Weirdness & Mutations

You are resistant to torment.
Your stone body is resilient. (AC +4)
You are immune to poison.
You resist negative energy. (rN+)
You are resistant to electric shocks. (rElec)
You can survive without breathing.
You are immune to petrification.
You are immune to rotting.


Message History

Unknown command.
You hit the swamp drake.
The swamp drake is severely wounded.
You barely miss the insubstantial wisp.
The insubstantial wisp thrums sharply.
You are struck by lightning.
You resist.
* * * LOW HITPOINT WARNING * * *
The lightning arcs!
The swamp drake is struck by lightning.
The swamp drake dies!
Your Fighting skill increases to level 8!
Your Axes skill increases to level 7!
Your Armour skill increases to level 4!
You have reached level 6!
Your experience leads to an increase in your attributes!
Your base attributes are Str 22, Int 7, Dex 9.
Increase (S)trength, (I)ntelligence, or (D)exterity?
You feel stronger.
The lightning arcs!
You are struck by lightning.
You resist.
The lightning arcs!
The insubstantial wisp hits you!
You die...

###.........###
#⌠...........⌠#
######.8.........8.#
##∩___......###......
###∩....÷...8.# #.8....
##.............###......
#⌠..........###...###...
#⌠..........# #.<.# ...
#⌠.....@....###..k# ...
##......v......###......
###∩......).8.# .8.. .
##∩___...)..###......
######.8[........8.#
#⌠...........⌠#
###.........###
#_......._ #_........


You could see an insubstantial wisp.

Vanquished Creatures
  A water moccasin (D)
  A gnoll shaman (D)
  2 adders (D)
  2 gnolls (D)
  2 ball pythons (D)
8 creatures vanquished.

Vanquished Creatures (others)
  A swamp drake (D)
1 creature vanquished.

Grand Total: 9 creatures vanquished

Notes
Turn   | Place    | Note
-------+----------+-------------------------------------------
     0 | D        | Fang the Gargoyle Berserker began the quest for the Orb.
     0 | D        | Reached XP level 1. HP: 14/14 MP: 1/1
     4 | D        | Found a roughly hewn altar of Beogh.
     5 | D        | Found a stormy altar of Qazlal.
     5 | D        | Found a viscous altar of Jiyva.
     5 | D        | Round 1.
     6 | D        | Found a hide-covered altar of Uskayaw.
     6 | D        | Found an ornate altar of the Wu Jian Council.
     7 | D        | Found a glowing silver altar of Zin.
     7 | D        | Found a snail-covered altar of Cheibriados.
     7 | D        | Found Pyroytot's Staff Store.
     7 | D        | Found Tatetos's Magic Scroll Shop.
     8 | D        | Found a basalt altar of Yredelemnul.
     8 | D        | Found Jesupyh's Must-Have Magic.
     8 | D        | Found Xaulylef's Magic Scroll Shop.
    23 | D        | Noticed a water moccasin
    25 | D        | Found a shadowy altar of Dithmenos.
    28 | D        | Killed a water moccasin
    28 | D        | Reached skill level 6 in Fighting
    28 | D        | Reached skill level 5 in Axes
    28 | D        | Reached XP level 2. HP: 23/23 MP: 2/2
    28 | D        | Reached XP level 3. HP: 28/28 MP: 3/3
    28 | D        | Reached XP level 4. HP: 32/32 MP: 4/4
    58 | D        | Reached skill level 7 in Fighting
    59 | D        | Reached ** piety under Trog
    59 | D        | Reached XP level 5. HP: 23/38 MP: 5/5
   158 | D        | Found an ancient bone altar of Kikubaaqudgha.
   158 | D        | Found an opulent altar of Gozag.
   158 | D        | Found Unwimeb's Delicious Food.
   158 | D        | Found Otsam's Jewellery.
   159 | D        | Found Buing's Advanced Armour.
   161 | D        | Arena points: 12 (+12) [x2]
   166 | D        | Found a shimmering altar of Xom.
   166 | D        | Found a radiant altar of Vehumet.
   166 | D        | Found a deep blue altar of Sif Muna.
   166 | D        | Found Leaskun's Identification Station.
   183 | D        | Round 2.
   194 | D        | Found a burning altar of Makhleb.
   196 | D        | Found a corrupted altar of Lugonu.
   196 | D        | Found a blossoming altar of Fedhas.
   282 | D        | Noticed Crazy Yiuf
   301 | D        | Found Raull's Premium Goods.
   310 | D        | Reached *** piety under Trog
   327 | D        | Found Keom's Miscellaneous Merchandise.
   327 | D        | Found Qarr's Basic Armour.
   360 | D        | Found a sacrificial altar of Ru.
   360 | D        | Found a glowing golden altar of the Shining One.
   360 | D        | Found Archar's Weapon Rack.
   369 | D        | Arena points: 20 (+8) [x1]
   384 | D        | Round 3.
   407 | D        | Noticed a swamp drake
   408 | D        | Noticed an insubstantial wisp
   428 | D        | HP: 2/58 [insubstantial wisp/static electricity (3)]
   428 | D        | Killed a swamp drake
   428 | D        | Reached skill level 8 in Fighting
   428 | D        | Reached XP level 6. HP: 2/45 MP: 6/6
   429 | D        | Mangled by an insubstantial wisp

Skill      XL: |  1  2  3  4  5 |
---------------+----------------+-----
Fighting       | 6 7 8 |  8.4
Axes           | 5 6 7 |  7.7
Armour         | 3 4 |  4.1
Dodging        | 2 3 |  3.9
Stealth        | |  0.6

Action                   |  1- 3 |  4- 6 || total
-------------------------+-------+-------++-------
Melee: Hand axe          |     2 |    64 ||    66
Invok: Berserk           |     1 |     1 ||     2
Armor: Animal skin       |       |    18 ||    18
Dodge: Dodged            |     1 |    44 ||    45
